 Dungeon Crawl Stone Soup version 0.27-a0-1140-g099f9bb0e8 (webtiles) character file.

Game seed: 16499168791124929745

464 leviel the Chopper (level 6, 0/52 HPs)
             Began as a Minotaur Fighter on May 8, 2021.
             Was an Initiate of the Shining One.
             Slain by a quasit (1 damage)
             ... on level 3 of the Dungeon.
             The game lasted 00:02:57 (2723 turns).

leviel the Chopper (Minotaur Fighter)               Turns: 2723, Time: 00:02:58

Health: 0/52       AC:  7    Str: 23    XL:     6   Next: 80%
Magic:  5/5        EV:  2    Int:  5    God:    the Shining One [......]
Gold:   117        SH:  0    Dex: -4 (9) Spells: 5/5 levels left

rFire    . . .     SeeInvis .   a - +0 war axe
rCold    . . .     Faith    .   c - +0 kite shield
rNeg     . . .     Spirit   .   b - +0 scale mail
rPois    .         Reflect  .   (helmet restricted)
rElec    .         Harm     .   (no cloak)
rCorr    .         Rampage  .   (no gloves)
Will     .....                  (no boots)
Stlth    ..........             (no amulet)
HPRegen  0.17/turn              (no ring)
MPRegen  0.09/turn              (no ring)

@: mighty, slowed, lost dexterity, glowing, very slow
A: horns 2, retaliatory headbutt
a: Renounce Religion


You were on level 3 of the Dungeon.
You worshipped the Shining One.
The Shining One was noncommittal.
You visited 1 branch of the dungeon, and saw 3 of its levels.

You collected 117 gold pieces.

Inventory:

Hand Weapons
 a - a +0 war axe (weapon)
Armour
 b - a +0 scale mail (worn)
 c - a +0 kite shield (worn)
Scrolls
 e - a scroll of magic mapping {unknown}
 f - a scroll of silence {unknown}
 g - 2 scrolls of enchant weapon {unknown}
 i - 4 scrolls of identify {unknown}
 l - a scroll of teleportation {unknown}
Potions
 h - 2 potions of degeneration {unknown}
 j - a potion of curing
 k - a potion of brilliance {unknown}
 m - a potion of magic {unknown}
 n - a potion of haste {unknown}


   Skills:
 - Level 3.7 Fighting
 * Level 7.3 Axes
 + Level 6.0 Armour
 - Level 3.7 Shields


You had 5 spell levels left.
You didn't know any spells.
Your spell library was empty.

Dungeon Overview and Level Annotations

Branches:
Dungeon (3/15)

Altars:
The Shining One

Annotations:
D:3 1 transporter, Sobieck's ghost, amateur FoAK


Innate Abilities, Weirdness & Mutations

You have a pair of horns on your head.
You reflexively headbutt those who attack you in melee.


Message History

* * * LOW HITPOINT WARNING * * *
You barely miss the quasit. Your headbutt misses the quasit.
The quasit is heavily wounded.
You slash Sobieck's ghost!
The quasit bites you but does no damage.
The quasit claws you.
* * * LOW HITPOINT WARNING * * *
You feel clumsy.
The quasit claws you but does no damage.
Sobieck's ghost hits you but does no damage.
The quasit bites you but does no damage.
The quasit claws you.
* * * LOW HITPOINT WARNING * * *
You feel clumsy.
The quasit claws you but does no damage.
Sobieck's ghost hits you.
* * * LOW HITPOINT WARNING * * *
You barely miss the quasit.
The quasit is heavily wounded.
You slash Sobieck's ghost!
The quasit bites you but does no damage.
The quasit claws you but does no damage. x2
The quasit bites you but does no damage.
The quasit claws you but does no damage. x2
Sobieck's ghost hits you.
* * * LOW HITPOINT WARNING * * *
The quasit bites you but does no damage.
The quasit claws you but does no damage. x2
Sobieck's ghost hits you.
* * * LOW HITPOINT WARNING * * *
The quasit bites you.
* * * LOW HITPOINT WARNING * * *
You feel clumsy. The quasit claws you. The Shining One protects you from harm!
The quasit claws you but does no damage.
Unknown command.
The quasit bites you but does no damage.
The quasit claws you.
You die...

### ### ..
##.###..#####.##
##......#...©#... #
#....#...#...##.#
...#.#..##..#.....!#.#
#...#...#..©..##..#.#
+..##.#.....#.$...#.###
##
#...5###=..##.##...###
##..#@.$?.... #..#....
###..#####..##..+....
...####.©.####..##....
#.............######.
#######.####### #.
#.........# ###
#.........# #..
#)........# #.#
#.........#


You could see a quasit.

Vanquished Creatures
  A sky beast (D:3)
  An ogre (D:2)
  A crimson imp (D:3)
  2 quasits (D:3)
  Natasha (thrice) (D:2)
  3 gnolls (D:2)
  3 adders (D:2)
  A dart slug (D:1)
  An orc (D:2)
  3 bats
  3 endoplasms
  A giant cockroach (D:1)
  7 goblins
  5 hobgoblins
  4 jackals (D:1)
  3 quokkas
  6 ball pythons
  4 frilled lizards
  A goblin skeleton (D:3)
  2 goblin zombies (D:3)
  A hobgoblin zombie (D:3)
  3 kobolds
  A kobold skeleton (D:3)
  3 kobold zombies (D:3)
  An orc zombie (D:3)
  3 rats
67 creatures vanquished.

Vanquished Creatures (others)
  6 plants (D:1)
6 creatures vanquished.

Grand Total: 73 creatures vanquished

Notes
Turn   | Place    | Note
-------+----------+-------------------------------------------
     0 | D:1      | leviel the Minotaur Fighter began the quest for the Orb.
     0 | D:1      | Reached XP level 1. HP: 19/19 MP: 0/0
   157 | D:1      | Reached skill level 3 in Axes
   157 | D:1      | Reached XP level 2. HP: 27/27 MP: 1/1
   504 | D:1      | Found a faded altar of an unknown god.
   552 | D:1      | Reached XP level 3. HP: 28/33 MP: 2/2
   898 | D:2      | Reached skill level 4 in Axes
  1132 | D:2      | Noticed Natasha
  1145 | D:2      | Killed Natasha
  1146 | D:2      | Reached XP level 4. HP: 27/40 MP: 3/3
  1294 | D:2      | Reached skill level 5 in Axes
  1758 | D:2      | Noticed Natasha
  1774 | D:2      | Killed Natasha
  1775 | D:2      | Reached XP level 5. HP: 13/46 MP: 4/4
  1814 | D:2      | Noticed Natasha
  1821 | D:2      | Killed Natasha
  1822 | D:2      | Reached skill level 5 in Armour
  2357 | D:2      | Noticed an ogre
  2361 | D:2      | Killed an ogre
  2362 | D:2      | Reached skill level 6 in Axes
  2468 | D:3      | Noticed a sky beast
  2471 | D:3      | Reached XP level 6. HP: 52/52 MP: 5/5
  2481 | D:3      | Killed a sky beast
  2595 | D:3      | Found a glowing golden altar of the Shining One.
  2628 | D:3      | Became a worshipper of the Shining One
  2645 | D:3      | Reached skill level 7 in Axes
  2656 | D:3      | Found a transporter.
  2665 | D:3      | Found a transporter.
  2669 | D:3      | Noticed Sobieck's ghost (amateur FoAK)
  2711 | D:3      | Lost dexterity.
  2721 | D:3      | HP: 2/52 [Sobieck's ghost (5)]
  2722 | D:3      | The Shining One protects you from harm!
  2723 | D:3      | Slain by a quasit

Illustrated notes

Levels and vault maps discovered:
D:1:      sevenhm_arrival_forest_fort_small_6, layout_loops_cross,
          hellmonk_ecumenical_altar_leap_of_faith, serial_bayou_lake_a
D:2:      layout_loops_ring, uniq_natasha
D:3:      layout_basic, nicolae_tso_besieged_by_evil, gammafunk_ghost_stat_death

Skill      XL: |  1  2  3  4  5  6 |
---------------+-------------------+-----
Axes           | 3 4 5 6 7 |  7.3
Armour         | 4 5 6 |  6.0
Fighting       | |  3.7
Shields        | |  3.7

Action                   |  1- 3 |  4- 6 || total
-------------------------+-------+-------++-------
Melee: War axe           |    89 |   125 ||   214
       Headbutt          |    16 |    12 ||    28
  Use: Potion            |       |     2 ||     2
Armor: Scale mail        |    36 |   155 ||   191
Dodge: Dodged            |    24 |    78 ||   102
Block: Kite shield       |    44 |   102 ||   146

Table legend: (Time is in decaauts)
 A = Elapsed time spent in this place.
 B = Non-inter-level travel time spent in this place.
 C = Inter-level travel time spent in this place.
 D = Time resting spent in this place.
 E = Time spent auto-exploring this place.
 F = Levels seen in this place.
 G = Mean time per level.
                   A        B        C        D        E       F      G
               +--------+--------+--------+--------+--------+-----+--------+
         Total |   2865 |   2830 |     35 |    689 |   1644 |   3 |  955.0 |
       Dungeon |   2865 |   2830 |     35 |    689 |   1644 |   3 |  955.0 |
               +--------+--------+--------+--------+--------+-----+--------+

Top non-repeatable levels by time:
     D:2: 1671 daAuts
     D:1: 905 daAuts
     D:3: 288 daAuts
